 Dungeon Crawl Stone Soup version 0.29.1-15-g9cfb28693d (webtiles) character file.

Game seed: 16933983412187060531

55240 Smoke131 the Destroyer (level 14, -26/119 HPs)
             Began as a Grey Draconian Fire Elementalist on Feb 25, 2023.
             Was a High Priest of Vehumet.
             Annihilated by Rupert
             ... wielding a +0 battleaxe of venom
              (38 damage)
             ... on level 2 of the Orcish Mines.
             The game lasted 01:19:10 (22808 turns).

Smoke131 the Destroyer (DrFE)                      Turns: 22808, Time: 01:19:11

Health: -26/119    AC: 19    Str: 10    XL:     14   Next: 37%
Magic:  36/36      EV: 20    Int: 20    God:    Vehumet [*****.]
Gold:   1646       SH:  5    Dex: 13    Spells: 2/32 levels left

rFire   . . .      SeeInvis .   h - +4 trident (venom)
rCold   . . .      Faith    .   D - +0 buckler
rNeg    . . .      Spirit   .   (body armour unavailable)
rPois   .          Reflect  .   (helmet restricted)
rElec   .          Harm     .   C - +2 cloak
rCorr   .          Rampage  .   (no gloves)
Will    +....                   Q - +2 pair of boots
Stlth   ++........              M - amulet of the acrobat
HPRegen 0.29/turn               J - +4 ring of evasion
MPRegen 0.25/turn               H - ring of magical power

@: no status effects
A: AC +13, amphibious, unfitting armour, cold-blooded
a: Renounce Religion


You were on level 2 of the Orcish Mines.
You worshipped Vehumet.
Vehumet was extremely pleased with you.
You visited 4 branches of the dungeon, and saw 19 of its levels.
You also visited: Volcano.

You collected 2086 gold pieces.
You spent 440 gold pieces at shops.

Inventory:

Hand Weapons
 h - a +4 trident of venom (weapon)
Missiles
 t - 3 throwing nets
Armour
 C - a +2 cloak (worn)
 D - a +0 buckler (worn)
 Q - a +2 pair of boots (worn)
Jewellery
 q - an amulet of regeneration
 s - a ring of protection from fire
 A - a ring of fire
 E - a ring of willpower
 F - a ring of positive energy
 H - a ring of magical power (right hand)
 J - a +4 ring of evasion (left hand)
 M - an amulet of the acrobat (around neck)
Wands
 l - a wand of polymorph (6)
 n - a wand of digging (8)
 r - a wand of flame (59)
 v - a wand of charming (13)
 y - a wand of mindburst (30)
 B - a wand of light (7)
 P - a wand of roots (2)
Scrolls
 c - 4 scrolls of immolation
 d - 2 scrolls of butterflies
 g - 4 scrolls of vulnerability
 k - 3 scrolls of enchant armour
 o - 12 scrolls of teleportation
 I - a scroll of amnesia
 L - a scroll of enchant weapon
 N - a scroll of magic mapping
Potions
 a - 8 potions of ambrosia
 b - 9 potions of brilliance
 e - 2 potions of curing
 f - 2 potions of heal wounds
 i - 4 potions of cancellation
 j - 5 potions of attraction
 m - 2 potions of berserk rage
 p - 4 potions of might
 u - a potion of magic
 w - a potion of invisibility
 x - 5 potions of haste
 G - 2 potions of mutation
 O - 3 potions of flight


   Skills:
 + Level 9.8 Fighting
 - Level 10.0 Dodging
 - Level 1.7 Stealth
 - Level 5.0 Shields
 + Level 9.7 Spellcasting
 + Level 13.3 Conjurations
 + Level 1.3 Translocations
 + Level 13.3 Fire Magic


You had 2 spell levels left.
You knew the following spells:

 Your Spells              Type           Power      Damage    Failure   Level
a - Foxfire               Conj/Fire      100%       2x1d9     1%          1
b - Scorch                Fire           100%       2d10      1%          2
c - Conjure Flame         Conj/Fire      58%        6-21      1%          3
d - Sticky Flame          Conj/Fire      58%        2d7       1%          4
e - Flame Wave            Conj/Fire      58%        2d14      1%          4
f - Fireball              Conj/Fire      29%        3d13      1%          5
g - Starburst             Conj/Fire      29%        6d9       1%          6
h - Blink                 Tloc           30%        N/A       8%          2
z - Stone Arrow           Conj/Erth      72%        3d11      1%          3

Your spell library contained the following spells:

 Spells                   Type           Power      Damage    Failure   Level
 Lee's Rapid Deconstruct  Erth           4%         3d6*      50%         5
 Shock                    Conj/Air       100%       1d9       1%          1
 Static Discharge         Conj/Air       36%        3-8/arc   1%          2
 Poisonous Vapours        Pois/Air       18%        N/A       4%          2
 Sting                    Tmut/Pois      36%        1d4       9%          1
 Ensorcelled Hibernation  Hex/Ice        18%        N/A       14%         2
 Passwall                 Tmut/Erth      7%         N/A       14%         2
 Inner Flame              Hex/Fire       36%        N/A       1%          3
 Lightning Bolt           Conj/Air       18%        1d32      4%          5
 Lesser Beckoning         Tloc           15%        N/A       16%         3
 Airstrike                Air            4%         2d(1-17)  22%         4
 Olgreb's Toxic Radiance  Pois           9%         N/A       22%         4
 Swiftness                Air            9%         N/A       26%         3
 Ignition                 Fire           29%        3d9       50%         8
 Animate Dead             Necr           9%         N/A       65%         4
 Manifold Assault         Tloc           15%        N/A       82%         5
 Borgnjor's Vile Clutch   Necr/Erth      4%         N/A       94%         5
 Death Channel            Necr           4%         N/A       100%        6
 Maxwell's Capacitive Co  Air            4%         ∞         100%        8


Dungeon Overview and Level Annotations

Branches:
Dungeon (11/15)            Temple (1/1) D:4            Lair (5/5) D:10
  Swamp (0/4) Lair:3       Spider (0/4) Lair:2        Slime (0/5) Lair:5
    Orc (2/2) D:9             Elf (0/3) Orc:2       Volcano (visited)

Altars:
Ashenzari
Cheibriados
Dithmenos
Elyvilon
Fedhas
Gozag
Hepliaklqana
Kikubaaqudgha
Makhleb
Nemelex Xobeh
Okawaru
Qazlal
Ru
Sif Muna
Trog
Uskayaw
Vehumet
Wu Jian
Xom
Yredelemnul
Zin
The Shining One
Jiyva

Shops:
D:1 :   D:2 [   Orc:2 **

Portals:
Abyss: Lair:5

Annotations:
D:7 2 transporters, mkat's ghost, novice DECK
Temple 4 transporters
Lair:5 2 transporters, rabbitsville's ghost, journeyman GnWn
Orc:2 Rupert


Innate Abilities, Weirdness & Mutations

Your dull iron-grey scales are very hard. (AC +13)
You are amphibious.
You cannot fit into any form of body armour.
You are cold-blooded and may be slowed by cold attacks.


Message History

An orc priest comes into view. It is wielding a +0 whip.
Rupert the Wild comes into view.
He is wielding a +0 battleaxe of venom.
An orc comes into view. It is wielding a +0 short sword.
Rupert yells loudly at you.
You suddenly lose the ability to move!
You can move again.
Things that are here:
a +0 hand axe; an orc corpse The orc priest invokes the aid of Beogh against you.
Pain shoots through your body!
Rupert screams, "Hurray!"
The orc priest invokes the aid of Beogh against you.
Beogh smites you! Rupert roars wildly at you.
You are confused.
Rupert roars madly and goes into a rage!
Rupert goes berserk!
You barely miss Rupert.
Rupert hits you with a +0 battleaxe of venom!!
You are poisoned.
Rupert closely misses you.
Rupert hits you with a +0 battleaxe of venom!!!
You are lethally poisoned!
Rupert attacks as you move away! Rupert misses you.
The orc attacks as you move away! The orc completely misses you.
* * * LOW HITPOINT WARNING * * *
You feel extremely sick.
You are too confused!
Unknown command.
Unknown command.
You feel less confused.
* * * LOW HITPOINT WARNING * * *
You feel extremely sick. Rupert completely misses you. x2
Rupert attacks as you move away! Rupert completely misses you.
* * * LOW HITPOINT WARNING * * *
You feel extremely sick.
You feel better.
Rupert hits you with a +0 battleaxe of venom!!!
You die...

...######.#.#.....###.......#....
#...# #.....#.....#....>.......#
##.## ##.#...................###
### ###...................##
##.#............##...#
#...#.#..........#...#
##.####..............#
##.##...........##.##
#....@.........#####
##.#.o@.#.......##
#...#..o##.......###
##.#...#...........#
####....#####'###.# ########
##...#.∩.#)).#.# .......##
###...#8.8#.8.#.#
#####...#######.....#...#...#.# #
###..##.@.......#...###'#.#


You could see Rupert (berserk), an orc priest and an orc.

Vanquished Creatures
  4 hydras
  3 catoblepae (Lair:5)
  11 death yaks
  A two-headed ogre (Orc:1)
  Pikel (D:5)
  An oklob plant (Lair:5)
  2 wolf spiders (Lair:1)
  A cyclops (D:6)
  An orc sorcerer (Orc:1)
  24 elephants
  2 manticores (Lair:5)
  6 black mambas
  A molten gargoyle (Volcano)
  10 cane toads
  A gargoyle (Volcano)
  A torpor snail (Lair:1)
  A kobold demonologist (D:7)
  An unseen horror (D:10)
  4 komodo dragons
  3 rime drakes (Lair:5)
  2 polar bears
  A queen bee (Lair:2)
  3 hornets
  18 blink frogs
  6 dream sheep (Lair:5)
  A wraith (D:9)
  2 fire elementals (Volcano)
  42 yaks
  6 basilisks
  5 wyverns
  2 wargs (Orc:1)
  2 redbacks (Lair:2)
  Menkaure (D:5)
  3 steam dragons
  Edmund (D:5)
  18 water moccasins
  2 black bears (D:7)
  2 ice beasts (D:7)
  14 orc warriors
  4 sky beasts
  6 ogres
  7 centaurs
  13 wolves
  4 lemures
  A kobold brigand (D:7)
  2 gnoll sergeants
  11 bullfrogs
  2 necrophages (D:5)
  6 wights
  28 killer bees
  2 howler monkeys (D:9)
  An electric eel (Lair:4)
  A jelly (D:6)
  12 orc priests
  2 hounds
  4 gnoll boudas
  3 iguanas
  19 orc wizards
  20 gnolls
  17 adders
  A white imp (D:7)
  2 ufetubi
  A worm (D:5)
  2 dart slugs
  59 orcs
  3 ball pythons
  8 endoplasms
  5 giant cockroaches
  7 goblins
  4 hobgoblins
  4 jackals
  8 kobolds
  5 quokkas
  5 bats
  2 frilled lizards
  9 rats
500 creatures vanquished.

Vanquished Creatures (collateral kills)
  5 foxfires
5 creatures vanquished.

Vanquished Creatures (others)
  A bush (Lair:5)
  312 foxfires
  55 fungi
  160 plants
528 creatures vanquished.

Grand Total: 1033 creatures vanquished

Notes
Turn   | Place    | Note
-------+----------+-------------------------------------------
     0 | D:1      | Smoke131 the Draconian Fire Elementalist began the quest
                  | for the Orb.
     0 | D:1      | Reached XP level 1. HP: 14/14 MP: 3/3
   414 | D:1      | Reached XP level 2. HP: 15/20 MP: 0/5
   657 | D:1      | Found Juanni's Book Boutique.
  1365 | D:2      | Reached XP level 3. HP: 25/26 MP: 6/6
  1529 | D:2      | Found Wotiont's Antique Armour Emporium.
  1628 | D:2      | Found a faded altar of an unknown god.
  2113 | D:3      | Learned a level 2 spell: Scorch
  2244 | D:3      | Identified the +3 leather armour "Boileph" {Int+2}
  2352 | D:3      | Reached XP level 4. HP: 30/33 MP: 0/7
  2772 | D:4      | Found a staircase to the Ecumenical Temple.
  2790 | Temple   | Entered the Ecumenical Temple
  2790 | Temple   | Found a transporter.
  2790 | Temple   | Found a transporter.
  2792 | Temple   | Found a transporter.
  2792 | Temple   | Found a transporter.
  2808 | Temple   | Became a worshipper of Vehumet
  3136 | D:4      | Noticed an ogre
  3149 | D:4      | Killed an ogre
  3150 | D:4      | Reached XP level 5. HP: 38/38 MP: 2/9
  3614 | D:4      | Reached XP level 6. HP: 39/45 MP: 8/10
  3702 | D:5      | Entered Level 5 of the Dungeon
  3782 | D:5      | Noticed Pikel
  4027 | D:5      | Killed Pikel
  4028 | D:5      | Reached skill level 5 in Fire Magic
  4028 | D:5      | Your scales start taking on a dull iron-grey colour.
  4028 | D:5      | Reached XP level 7. HP: 41/50 MP: 1/13
  4279 | D:5      | Noticed Menkaure
  4283 | D:5      | Killed Menkaure
  4491 | D:5      | Learned a level 3 spell: Conjure Flame
  4669 | D:5      | Reached XP level 8. HP: 57/57 MP: 5/14
  4798 | D:6      | Noticed a cyclops
  4804 | D:6      | Killed a cyclops
  4805 | D:6      | Reached skill level 5 in Dodging
  4805 | D:6      | Reached skill level 5 in Spellcasting
  4805 | D:6      | Reached skill level 5 in Conjurations
  5473 | D:5      | Reached * piety under Vehumet
  5473 | D:5      | Offered knowledge of Magic Dart by Vehumet.
  5571 | D:6      | Noticed Edmund
  5630 | D:5      | Killed Edmund
  6230 | D:6      | Reached XP level 9. HP: 62/62 MP: 9/16
  6520 | D:6      | Found a blossoming altar of Fedhas.
  6520 | D:6      | Found a hide-covered altar of Uskayaw.
  6802 | D:7      | Noticed mkat's ghost (novice DECK)
  6803 | D:7      | Found a transporter.
  6809 | D:7      | Found a transporter.
  7337 | D:7      | Reached ** piety under Vehumet
  7738 | D:7      | Offered knowledge of Searing Ray by Vehumet.
  7768 | D:7      | Noticed a kobold demonologist
  7799 | D:7      | Killed a kobold demonologist
  8527 | D:8      | Reached XP level 10. HP: 69/69 MP: 12/17
  8840 | D:8      | Offered knowledge of Ignite Poison by Vehumet.
  8963 | D:7      | Learned a level 4 spell: Flame Wave
  9311 | D:8      | Found a glowing silver altar of Zin.
  9642 | D:9      | Found a stormy altar of Qazlal.
  9651 | D:8      | Reached *** piety under Vehumet
  9833 | D:9      | Found a staircase to the Orcish Mines.
 10027 | D:9      | Offered knowledge of Sticky Flame by Vehumet.
 10035 | D:9      | Learned a level 4 spell: Sticky Flame
 10104 | D:9      | You fall into a shaft and drop 2 floors!
 10107 | D:10     | Entered Level 10 of the Dungeon
 10435 | D:9      | Found a shimmering altar of Xom.
 10627 | D:9      | Paralysed by a hornet for 2 turns
 10633 | D:9      | Reached XP level 11. HP: 35/74 MP: 7/18
 10706 | D:10     | Found a staircase to the Lair.
 10767 | D:10     | Reached skill level 10 in Fire Magic
 11063 | D:10     | Reached skill level 10 in Conjurations
 11222 | D:10     | Reached **** piety under Vehumet
 11233 | D:10     | Found a sparkling altar of Nemelex Xobeh.
 11237 | D:10     | Found a hazy altar of Hepliaklqana.
 11237 | D:10     | Found a shimmering blue altar of Sif Muna.
 11237 | D:10     | Found a broken altar of Ashenzari.
 11866 | Lair:1   | Entered Level 1 of the Lair of Beasts
 11902 | Lair:1   | Reached skill level 1 in Shields
 11926 | Lair:1   | Reached skill level 10 in Dodging
 11938 | Lair:1   | Noticed a death yak
 12085 | Lair:1   | Noticed a death yak
 12098 | Lair:1   | Killed a death yak
 12099 | Lair:1   | Reached skill level 5 in Shields
 12113 | Lair:1   | Killed a death yak
 12114 | Lair:1   | Reached skill level 1 in Fighting
 12410 | Lair:1   | Offered knowledge of Stone Arrow by Vehumet.
 12415 | Lair:1   | Learned a level 3 spell: Stone Arrow
 12599 | Lair:1   | Noticed a wolf spider
 12605 | Lair:1   | Killed a wolf spider
 12733 | Lair:1   | Noticed a wolf spider
 12739 | Lair:1   | Reached XP level 12. HP: 89/89 MP: 15/20
 13320 | Lair:2   | Noticed a five-headed hydra
 13352 | Lair:2   | Killed a five-headed hydra
 13954 | Lair:2   | Reached skill level 5 in Fighting
 14153 | Lair:2   | Reached ***** piety under Vehumet
 14513 | Lair:2   | Offered knowledge of Freezing Cloud by Vehumet.
 14605 | Lair:2   | Found a hole to the Spider Nest.
 14773 | Lair:3   | Found a staircase to the Swamp.
 15241 | Lair:3   | Noticed a seven-headed hydra
 15256 | Lair:3   | Killed a seven-headed hydra
 15993 | Lair:4   | Found a dark tunnel.
 16002 | Volcano  | Entered a volcano
 16048 | Volcano  | Reached XP level 13. HP: 103/103 MP: 21/24
 17786 | D:1      | Bought a book of Fire for 440 gold pieces
 17792 | D:1      | Learned a level 5 spell: Fireball
 18136 | Lair:5   | Entered Level 5 of the Lair of Beasts
 18420 | Lair:5   | Found a transporter.
 18422 | Lair:5   | Found a transporter.
 18424 | Lair:5   | Found a one-way gate to the infinite horrors of the Abyss.
 18424 | Lair:5   | Noticed rabbitsville's ghost (journeyman GnWn)
 19002 | Lair:5   | Offered knowledge of Yara's Violent Unravelling by Vehumet.
 19323 | Lair:5   | Learned a level 6 spell: Starburst
 19633 | Lair:5   | Found a staircase to the Slime Pits.
 19633 | Lair:5   | Found a viscous altar of Jiyva.
 19753 | Lair:5   | Reached XP level 14. HP: 118/118 MP: 27/27
 20966 | Lair:5   | Found the +4 moon troll leather armour {Spirit, Regen++
                  | MP+5}
 21218 | Orc:1    | Entered Level 1 of the Orcish Mines
 21233 | Orc:1    | Learned a level 2 spell: Blink
 21399 | Orc:2    | Entered Level 2 of the Orcish Mines
 21500 | Orc:2    | Found Nuybbig's Assorted Antiques.
 22006 | Orc:2    | Offered knowledge of Lee's Rapid Deconstruction by Vehumet.
 22035 | Orc:2    | Found a staircase to the Elven Halls.
 22187 | Orc:1    | Paralysed by an orc sorcerer for 5 turns
 22195 | Orc:1    | Reached skill level 1 in Translocations
 22574 | Orc:2    | Found Qajogh's Assorted Antiques.
 22782 | Orc:2    | Noticed Rupert
 22783 | Orc:2    | Paralysed by Rupert for 2 turns
 22807 | Orc:2    | HP: 1/119 [poisoned by Rupert]
 22808 | Orc:2    | Annihilated by Rupert

Illustrated notes

Levels and vault maps discovered:
D:1:      beargit_arrival_greenhouse, layout_basic, serial_shops, shop,
          chequers_mini_garden
D:2:      layout_loops_ring, serial_shops, shop, shapermc_ecumenical_altar_venn
D:3:      layout_rooms
D:4:      layout_basic, temple_pool_b
D:5:      layout_basic, kennysheep_boxes, uniq_menkaure, uniq_pikel
D:6:      layout_rooms, gammafunk_temple_overflow_elements, uniq_edmund
D:7:      minmay_polygon_palace, layout_loops_ring, gammafunk_ghost_arena
D:8:      layout_basic, zin_treasury
D:9:      layout_rooms, overflow_temple_1_default, tgw_xom, orc_0_dummy
D:10:     layout_rooms, minitemple, lair_entry_dummy
D:11:     layout_stronghold, gammafunk_ghost_hive
Temple:   hellmonk_temple_divided_pantheon
Lair:1:   minmay_lair_venomous_thicket, layout_loops_ring, grunt_megastairs_2
Lair:2:   layout_roguey, spider_nest_entry_webs, special_room [special_room_bee]
Lair:3:   layout_long_grid, swamp_mist_pool, st_stairs_10, lemuel_fruit_fields
Lair:4:   layout_cave_pods, nicolae_volcano_entry_lava_flow,
          serial_bayou_shore_a
Lair:5:   evilmike_catoblepas_cave, layout_misc_corridors, slime_entry_1,
          gammafunk_ghost_abyssal_escape, lemuel_fruit_fields,
          serial_bayou_shore_b, lemuel_fruit_tree
Orc:1:    layout_diamond_mine, minmay_orc_keep
Orc:2:    grunt_orc_community_town_hall, layout_caves,
          grunt_orc_community_big_house_2, grunt_orc_community_big_house_2,
          grunt_orc_community_house_2, grunt_orc_community_house_1,
          grunt_orc_community_house_2, grunt_orc_community_house_1,
          grunt_orc_community_house_2, serial_shops,
          nicolae_shop_window_shopping, uniq_rupert

Skill      XL: |  1  2  3  4  5  6  7  8  9 10 11 12 13 14 |
---------------+-------------------------------------------+-----
Dodging        | 2 3 4 5 7 8 10 | 10.0
Conjurations   | 2 3 4 6 7 9 10 11 12 13 | 13.3
Spellcasting   | 3 4 5 7 9 |  9.7
Fire Magic     | 4 5 6 8 9 10 11 12 13 | 13.3
Shields        | 5 |  5.0
Fighting       | 3 6 9 |  9.8
Translocations | 1 |  1.3
Stealth        | |  1.7

Action                   |  1- 3 |  4- 6 |  7- 9 | 10-12 | 13-15 || total
-------------------------+-------+-------+-------+-------+-------++-------
Melee: Unarmed           |    23 |       |       |       |       ||    23
       Short sword       |    12 |       |       |       |       ||    12
       Tailslap          |    21 |    15 |    19 |    57 |    16 ||   128
       Hand axe          |    76 |    47 |       |       |       ||   123
       Dagger            |       |    51 |   185 |       |       ||   236
       Punch             |       |     1 |     2 |     2 |       ||     5
       Trident           |       |       |    25 |   346 |    74 ||   445
 Cast: Foxfire           |     5 |    10 |       |    71 |   100 ||   186
       Scorch            |     5 |    23 |   114 |   183 |    58 ||   383
       Sticky Flame      |       |       |       |    68 |    67 ||   135
       Flame Wave        |       |       |       |     8 |    22 ||    30
       Conjure Flame     |       |       |       |     8 |     2 ||    10
       Stone Arrow       |       |       |       |    16 |    25 ||    41
       Starburst         |       |       |       |       |     6 ||     6
       Fireball          |       |       |       |       |     5 ||     5
Evoke: Wand              |       |     5 |       |       |     1 ||     6
  Use: Potion            |       |     2 |       |     2 |     1 ||     5
       Scroll            |       |    11 |     5 |    12 |     3 ||    31
 Stab: Sleeping          |     8 |     1 |     5 |       |     1 ||    15
Armor: Skin              |    39 |    30 |   161 |   276 |    90 ||   596
Dodge: Dodged            |    69 |    57 |   310 |   536 |   231 ||  1203
Block: Buckler           |       |       |       |    28 |    50 ||    78
